TOP OF THE 1ST |
San Francisco Bandits batting - Pitching for Maui Tropics : RHP José Ortíz
|
Pitching: RHP José Ortíz
|
|
Batting: RHB Javier Ramírez
|
0-0: Ball 1-0: Ball 2-0: Ground out 4-3 (Groundball, 4)
|
Batting: RHB Scott Merritt
|
0-0: Ball 1-0: Called Strike 1-1: SINGLE (Line Drive, 4MD)
|
Batting: LHB Jerry Bryan
|
0-0: Ball 1-0: Fly out, F6 (Popup, 6D)
|
Batting: RHB Cory Foster
|
0-0: Ground out 1-3 (Groundball, 13)
|
Top of the 1st over - 0 run(s), 1 hit(s), 0 error(s), 1 left on base; San Francisco 0 - Maui 0 |
BOTTOM OF THE 1ST |
Maui Tropics batting - Pitching for San Francisco Bandits : RHP Bob Cunningham
|
Pitching: RHP Bob Cunningham
|
|
Batting: LHB Mario Olivares
|
0-0: Swinging Strike 0-1: Swinging Strike 0-2: Ball 1-2: Foul Ball, location: 2F 1-2: Ball 2-2: Foul Ball, location: 2F 2-2: Foul Ball, location: 2F 2-2: Fly out, F7 (Flyball, 7)
|
Batting: LHB Luis Antonio Torres
|
0-0: Ball 1-0: Called Strike 1-1: Ball 2-1: Called Strike 2-2: Foul Ball, location: 2F 2-2: SINGLE (Groundball, 5D)
|
Batting: LHB Anacleto Morillo
|
0-0: Ball 1-0: Called Strike 1-1: Called Strike 1-2: Fly out, F2 (Popup, 13S)
|
Batting: RHB Luis Alou
|
0-0: Called Strike 0-1: Ball 1-1: Swinging Strike 1-2: Strikes out swinging
|
Bottom of the 1st over - 0 run(s), 1 hit(s), 0 error(s), 1 left on base; San Francisco 0 - Maui 0 |
TOP OF THE 2ND |
San Francisco Bandits batting - Pitching for Maui Tropics : RHP José Ortíz
|
Batting: LHB Jack Hewat
|
0-0: Ball 1-0: Called Strike 1-1: Ball 2-1: Called Strike 2-2: Ball 3-2: Base on Balls
|
Batting: RHB Naomichi Aoki
|
0-0: Foul Ball, location: 2F 0-1: Foul Ball, location: 2F 0-2: Ball 1-2: Strikes out swinging
|
Batting: LHB Mel Jones
|
0-0: Ball 1-0: Ball 2-0: Ball 3-0: Base on Balls Jack Hewat to second
|
Batting: RHB José Sánchez
|
0-0: Swinging Strike 0-1: Ball 1-1: Ball 2-1: Called Strike 2-2: Fly out, F9 (Flyball, 9S)
|
Batting: RHB Miguel Mendoza
|
0-0: Ball 1-0: Foul Ball, location: 2F 1-1: Called Strike 1-2: Fielders Choice at 2nd, 6-4 (Groundball, 6)
|
Top of the 2nd over - 0 run(s), 0 hit(s), 0 error(s), 1 left on base; San Francisco 0 - Maui 0 |
BOTTOM OF THE 2ND |
Maui Tropics batting - Pitching for San Francisco Bandits : RHP Bob Cunningham
|
Batting: RHB José Herrera
|
0-0: Ground out 6-3 (Groundball, 6S)
|
Batting: LHB José Rivas
|
0-0: Ball 1-0: SINGLE (Groundball, 4MD)
|
Batting: RHB Ximena Campos
|
0-0: Grounds into double play, 6-4-3 (Groundball, 6)
|
Bottom of the 2nd over - 0 run(s), 1 hit(s), 0 error(s), 0 left on base; San Francisco 0 - Maui 0 |
TOP OF THE 3RD |
San Francisco Bandits batting - Pitching for Maui Tropics : RHP José Ortíz
|
Batting: RHB Javier Ramírez
|
0-0: Ball 1-0: Ball 2-0: Ball 3-0: Called Strike 3-1: Base on Balls
|
Batting: RHB Scott Merritt
|
0-0: Foul Ball, location: 2F 0-1: Foul Ball, location: 2F 0-2: Fly out, F7 (Flyball, 7)
|
Batting: LHB Jerry Bryan
|
0-0: Called Strike 0-1: Ball 1-1: Ball 2-1: Ball 3-1: Base on Balls Javier Ramírez to second
|
Batting: RHB Cory Foster
|
0-0: Ball 1-0: Called Strike 1-1: Swinging Strike 1-2: Grounds into double play, 5-4-3 (Groundball, 56)
|
Top of the 3rd over - 0 run(s), 0 hit(s), 0 error(s), 1 left on base; San Francisco 0 - Maui 0 |
BOTTOM OF THE 3RD |
Maui Tropics batting - Pitching for San Francisco Bandits : RHP Bob Cunningham
|
Batting: LHB Javier Espinoza
|
0-0: Ball 1-0: Fly out, F7 (Flyball, 7S)
|
Batting: RHB John Brown
|
0-0: Called Strike 0-1: Ball 1-1: Ball 2-1: Swinging Strike 2-2: Ball 3-2: Strikes out swinging
|
Batting: LHB Mario Olivares
|
0-0: Ball 1-0: Ball 2-0: Ball 3-0: Called Strike 3-1: Foul Ball, location: 2F 3-2: Strikes out swinging
|
Bottom of the 3rd over - 0 run(s), 0 hit(s), 0 error(s), 0 left on base; San Francisco 0 - Maui 0 |
TOP OF THE 4TH |
San Francisco Bandits batting - Pitching for Maui Tropics : RHP José Ortíz
|
Batting: LHB Jack Hewat
|
0-0: Foul Ball, location: 2F 0-1: Ball 1-1: Called Strike 1-2: Foul Ball, location: 2F 1-2: Ball 2-2: Ground out 6-3 (Groundball, 6)
|
Batting: RHB Naomichi Aoki
|
0-0: Ball 1-0: Swinging Strike 1-1: Ball 2-1: Foul Ball, location: 2F 2-2: Ball 3-2: Foul Ball, location: 2F 3-2: SOLO HOME RUN (Flyball, 78XD), Distance : 396 ft
|
Batting: LHB Mel Jones
|
0-0: SINGLE (Groundball, 6) (infield hit)
|
Batting: RHB José Sánchez
|
0-0: Called Strike 0-1: Ball 1-1: Called Strike 1-2: Ball 2-2: Ball 3-2: Foul Ball, location: 2F 3-2: Foul Ball, location: 2F 3-2: Base on Balls Mel Jones to second
|
Batting: RHB Miguel Mendoza
|
0-0: Ball 1-0: Swinging Strike 1-1: Reached via error on a dropped throw, E3 Mel Jones to third José Sánchez to second
|
Batting: RHB Javier Ramírez
|
0-0: Ball 1-0: Foul Ball, location: 2F 1-1: Ball 2-1: SINGLE (Line Drive, 34) Mel Jones scores José Sánchez to third Miguel Mendoza to second
|
Batting: RHB Scott Merritt
|
0-0: Called Strike 0-1: Ball 1-1: Grounds into double play, 6-4-3 (Groundball, 6)
|
Top of the 4th over - 2 run(s), 3 hit(s), 1 error(s), 2 left on base; San Francisco 2 - Maui 0 |
BOTTOM OF THE 4TH |
Maui Tropics batting - Pitching for San Francisco Bandits : RHP Bob Cunningham
|
Batting: LHB Luis Antonio Torres
|
0-0: Fly out, F8 (Flyball, 8LXD)
|
Batting: LHB Anacleto Morillo
|
0-0: Ball 1-0: Foul Ball, location: 2F 1-1: Foul Ball, location: 2F 1-2: Ball 2-2: Ball 3-2: Foul Ball, location: 2F 3-2: Foul Ball, location: 2F 3-2: Foul Ball, location: 2F 3-2: SINGLE (Line Drive, 78M)
|
Batting: RHB Luis Alou
|
0-0: Called Strike 0-1: Called Strike 0-2: Foul Ball, location: 2F 0-2: Foul Ball, location: 2F 0-2: Strikes out swinging
|
Batting: RHB José Herrera
|
0-0: Ball 1-0: Called Strike 1-1: Ball 2-1: Swinging Strike 2-2: Ball 3-2: Strikes out swinging
|
Bottom of the 4th over - 0 run(s), 1 hit(s), 0 error(s), 1 left on base; San Francisco 2 - Maui 0 |
TOP OF THE 5TH |
San Francisco Bandits batting - Pitching for Maui Tropics : RHP José Ortíz
|
Batting: LHB Jerry Bryan
|
0-0: Called Strike 0-1: Ball 1-1: Ground out 3-1 (Groundball, 34S)
|
Batting: RHB Cory Foster
|
0-0: Ball 1-0: Ball 2-0: Called Strike 2-1: Ground out 5-3 (Groundball, 56)
|
Batting: LHB Jack Hewat
|
0-0: Ground out 5-3 (Groundball, 56)
|
Top of the 5th over - 0 run(s), 0 hit(s), 0 error(s), 0 left on base; San Francisco 2 - Maui 0 |
BOTTOM OF THE 5TH |
Maui Tropics batting - Pitching for San Francisco Bandits : RHP Bob Cunningham
|
Batting: LHB José Rivas
|
0-0: Called Strike 0-1: Foul Ball, location: 2F 0-2: Ball 1-2: Foul Ball, location: 2F 1-2: Ball 2-2: Foul Ball, location: 2F 2-2: SINGLE (Flyball, 89S)
|
Batting: RHB Ximena Campos
|
0-0: Ball 1-0: Ball 2-0: Fly out, F8 (Flyball, 8RD)
|
Batting: LHB Javier Espinoza
|
0-0: Ball 1-0: Ball 2-0: Fly out, F8 (Flyball, 89D)
|
Batting: RHB John Brown
|
0-0: Swinging Strike 0-1: Ground out 4-3 (Groundball, 4)
|
Bottom of the 5th over - 0 run(s), 1 hit(s), 0 error(s), 1 left on base; San Francisco 2 - Maui 0 |
TOP OF THE 6TH |
San Francisco Bandits batting - Pitching for Maui Tropics : RHP José Ortíz
|
Batting: RHB Naomichi Aoki
|
0-0: Ball 1-0: Ground out 6-3 (Groundball, 56)
|
Batting: LHB Mel Jones
|
0-0: Swinging Strike 0-1: DOUBLE (Line Drive, 78XD)
|
Batting: RHB José Sánchez
|
0-0: Intentional Walk
|
Batting: RHB Miguel Mendoza
|
0-0: SINGLE (Groundball, 6) (infield hit) Mel Jones to third José Sánchez to second
|
Batting: RHB Javier Ramírez
|
0-0: Ball 1-0: Called Strike 1-1: Ball 2-1: Foul Ball, location: 2F 2-2: Foul Ball, location: 2F 2-2: Grounds into double play, 4-2-3 (Groundball, 34)
|
Top of the 6th over - 0 run(s), 2 hit(s), 0 error(s), 2 left on base; San Francisco 2 - Maui 0 |
BOTTOM OF THE 6TH |
Maui Tropics batting - Pitching for San Francisco Bandits : RHP Bob Cunningham
|
Batting: LHB Mario Olivares
|
0-0: Ball 1-0: Ball 2-0: Swinging Strike 2-1: Foul Ball, location: 2F 2-2: Ball 3-2: Strikes out swinging
|
Batting: LHB Luis Antonio Torres
|
0-0: Ground out 5-3 (Groundball, 5)
|
Batting: LHB Anacleto Morillo
|
0-0: Ball 1-0: Ground out U3 (Groundball, 34S)
|
Bottom of the 6th over - 0 run(s), 0 hit(s), 0 error(s), 0 left on base; San Francisco 2 - Maui 0 |
TOP OF THE 7TH |
San Francisco Bandits batting - Pitching for Maui Tropics : RHP José Ortíz
|
Pitching: RHP Yong-taek Yi
|
|
Batting: RHB Scott Merritt
|
0-0: Called Strike 0-1: Ball 1-1: SINGLE (Groundball, 56D)
|
Batting: LHB Jerry Bryan
|
0-0: Ball 1-0: Called Strike 1-1: Ball 2-1: Called Strike 2-2: Foul Ball, location: 2F 2-2: Strikes out swinging
|
Batting: RHB Cory Foster
|
0-0: Called Strike 0-1: Called Strike 0-2: Strikes out swinging
|
Batting: LHB Jack Hewat
|
0-0: Called Strike 0-1: Swinging Strike 0-2: Ball 1-2: Ball 2-2: Foul Ball, location: 2F 2-2: Ball 3-2: SINGLE (Line Drive, 4D) Scott Merritt to second Scott Merritt to third
|
Pinch Hitting: LHB Francisco Calderón
|
0-0: Called Strike 0-1: Ball 1-1: Called Strike 1-2: Strikes out swinging
|
Top of the 7th over - 0 run(s), 2 hit(s), 0 error(s), 2 left on base; San Francisco 2 - Maui 0 |
BOTTOM OF THE 7TH |
Maui Tropics batting - Pitching for San Francisco Bandits : RHP Bob Cunningham
|
Now in RF: Francisco Calderón
|
|
Batting: RHB Luis Alou
|
0-0: Called Strike 0-1: Foul Ball, location: 2F 0-2: Ball 1-2: Foul Ball, location: 2F 1-2: Strikes out swinging
|
Batting: RHB José Herrera
|
0-0: Ball 1-0: Called Strike 1-1: Ball 2-1: Called Strike 2-2: Ground out 6-3 (Groundball, 56)
|
Batting: LHB José Rivas
|
0-0: Called Strike 0-1: Swinging Strike 0-2: Foul Ball, location: 2F 0-2: Ball 1-2: Ball 2-2: Ball 3-2: Foul Ball, location: 2F 3-2: Base on Balls
|
Batting: RHB Ximena Campos
|
0-0: Ball 1-0: Called Strike 1-1: SINGLE (Groundball, 56D) José Rivas to second
|
Batting: LHB Javier Espinoza
|
0-0: Foul Ball, location: 2F 0-1: Ball 1-1: Ball 2-1: Ball 3-1: Foul Ball, location: 2F 3-2: Ground out 4-3 (Groundball, 4)
|
Bottom of the 7th over - 0 run(s), 1 hit(s), 0 error(s), 2 left on base; San Francisco 2 - Maui 0 |
TOP OF THE 8TH |
San Francisco Bandits batting - Pitching for Maui Tropics : RHP Yong-taek Yi
|
Batting: LHB Mel Jones
|
0-0: Ball 1-0: DOUBLE (Line Drive, 78D)
|
Batting: RHB José Sánchez
|
0-0: Intentional Walk
|
Batting: RHB Miguel Mendoza
|
0-0: Ball 1-0: Called Strike 1-1: Called Strike 1-2: Ball 2-2: Ball 3-2: Strikes out swinging
|
Pitching: RHP Ricardo Pérez
|
|
Batting: RHB Javier Ramírez
|
0-0: Called Strike 0-1: Ball 1-1: Hit by Pitch Mel Jones to third José Sánchez to second
|
Batting: RHB Scott Merritt
|
0-0: Ball 1-0: Ball 2-0: Grounds into fielders choice 4-2 (Groundball, 4S) José Sánchez to third Javier Ramírez to second
|
Batting: LHB Jerry Bryan
|
0-0: Ball 1-0: SINGLE (Groundball, 56D) José Sánchez scores Javier Ramírez to third Scott Merritt to second Runner from 3rd tries for Home, SAFE, no throw
|
Batting: RHB Cory Foster
|
0-0: SINGLE (Groundball, 56D) Scott Merritt to third Jerry Bryan to second Runner from 3rd tries for Home, SAFE, throw made home Jerry Bryan to third Cory Foster to second
|
Pitching: RHP Brandon Mitchell
|
|
Batting: LHB Jack Hewat
|
0-0: Ball 1-0: Foul Ball, location: 2F 1-1: Foul Ball, location: 2F 1-2: Foul Ball, location: 2F 1-2: DOUBLE (Line Drive, 7LM) Jerry Bryan scores Cory Foster scores
|
Batting: LHB Francisco Calderón
|
0-0: Swinging Strike 0-1: Foul Ball, location: 2F 0-2: Ball 1-2: Ball 2-2: Ball 3-2: Foul Ball, location: 2F 3-2: Ground out 4-3 (Groundball, 4)
|
Top of the 8th over - 5 run(s), 4 hit(s), 0 error(s), 1 left on base; San Francisco 7 - Maui 0 |
BOTTOM OF THE 8TH |
Maui Tropics batting - Pitching for San Francisco Bandits : RHP Bob Cunningham
|
Now at 1B: Gustavo Ortíz
|
|
Batting: RHB John Brown
|
0-0: Swinging Strike 0-1: Called Strike 0-2: Ball 1-2: Ball 2-2: Strikes out swinging
|
Pitching: RHP Carlos Ledezma
|
|
Batting: LHB Mario Olivares
|
0-0: Ball 1-0: Ground out U3 (Groundball, 3)
|
Batting: LHB Luis Antonio Torres
|
0-0: Foul Ball, location: 2F 0-1: Ball 1-1: Ball 2-1: Called Strike 2-2: Ground out 4-3 (Groundball, 4)
|
Bottom of the 8th over - 0 run(s), 0 hit(s), 0 error(s), 0 left on base; San Francisco 7 - Maui 0 |
TOP OF THE 9TH |
San Francisco Bandits batting - Pitching for Maui Tropics : RHP Brandon Mitchell
|
Batting: LHB Mel Jones
|
0-0: Ball 1-0: Ball 2-0: Ball 3-0: Called Strike 3-1: Swinging Strike 3-2: Base on Balls
|
Batting: RHB José Sánchez
|
0-0: Ball 1-0: Ball 2-0: Ball 3-0: Called Strike 3-1: SINGLE (Line Drive, 8LS) Mel Jones to second
|
Batting: RHB Miguel Mendoza
|
0-0: Fly out, F8 (Flyball, 8LM)
|
Batting: RHB Javier Ramírez
|
0-0: Called Strike 0-1: Ball 1-1: Foul Ball, location: 2F 1-2: Strikes out swinging
|
Batting: RHB Scott Merritt
|
0-0: Called Strike 0-1: Ball 1-1: Fly out, F9 (Flyball, 9LSF)
|
Top of the 9th over - 0 run(s), 1 hit(s), 0 error(s), 2 left on base; San Francisco 7 - Maui 0 |
BOTTOM OF THE 9TH |
Maui Tropics batting - Pitching for San Francisco Bandits : RHP Carlos Ledezma
|
Now at C: Ángel Hernández
|
|
Batting: LHB Anacleto Morillo
|
0-0: Ball 1-0: Called Strike 1-1: Swinging Strike 1-2: Ground out 5-3 (Groundball, 56S)
|
Batting: RHB Luis Alou
|
0-0: DOUBLE (Flyball, 89XD)
|
Batting: RHB José Herrera
|
0-0: Foul Ball, location: 2F 0-1: SINGLE (Line Drive, 56) Luis Alou to third Runner from 3rd tries for Home, SAFE, throw made home José Herrera to second
|
Batting: LHB José Rivas
|
0-0: Called Strike 0-1: Swinging Strike 0-2: Strikes out swinging
|
Batting: RHB Ximena Campos
|
0-0: Fly out, F7 (Flyball, 7D)
|
Bottom of the 9th over - 1 run(s), 2 hit(s), 0 error(s), 1 left on base; San Francisco 7 - Maui 1 |
|